 Dungeon Crawl Stone Soup version 0.15-a0-1409-ga68aaa3 (webtiles) character file.

268 Vegas the Covered (level 6, 0/56 HPs)
             Began as a Minotaur Fighter on July 11, 2014.
             Was an Initiate of Makhleb.
             Slain by a killer bee (7 damage)
             ... on Level 3 of the Dungeon.
             The game lasted 00:05:21 (2166 turns).

Vegas the Covered (Minotaur Fighter)                Turns: 2166, Time: 00:05:21

HP   0/56        AC  8     Str 26      XL: 6   Next:  1%
MP  12/12        EV  7     Int  5      God: Makhleb [......]
Gold 173         SH 10     Dex 11      Spells:  0 memorised,  5 levels left

rFire  . . .     SeeInvis .     a - +0 flail
rCold  . . .     Clarity  .     b - +0 scale mail
rNeg   + . .     rCorr    .     c - +0 shield
rPois  .         rRot     .     (helmet restricted)
rElec  .         Spirit   .     (no cloak)
SustAb .         Warding  +     y - +0 pair of gloves
rMut   .         Stasis   .     (no boots)
Gourm  .                        k - amulet of warding
MR     .....                    t - ring of flight
                                n - ring of magical power

@: mighty, lethally poisoned, not resistant to hostile enchantments, extremely
unstealthy
A: retaliatory headbutt, horns 2
a: Renounce Religion, Evoke Flight


You were on level 3 of the Dungeon.
You worshipped Makhleb.
Makhleb was noncommittal.
You were not hungry.

You visited 1 branch of the dungeon, and saw 3 of its levels.

You collected 173 gold pieces.

Inventory:

Hand weapons
 a - a +0,+0 flail (weapon)
 u - a +0,+0 sling
Missiles
 B - 18 stones (quivered)
Armour
 b - a +0 scale mail (worn)
 c - a +0 shield (worn)
 y - a +0 pair of gloves (worn)
Comestibles
 d - 4 bread rations
 i - 2 meat rations
 l - 4 fruits
 r - 2 slices of pizza
Scrolls
 f - 7 scrolls of remove curse
 j - a scroll of fear {unknown}
 p - 2 scrolls of magic mapping
 q - a scroll of identify
 s - a scroll of amnesia {unknown}
 w - a scroll of enchant weapon II {unknown}
 x - a scroll of noise {unknown}
Jewellery
 k - an amulet of warding (around neck)
 n - a ring of magical power (left hand)
 t - a ring of flight (right hand)
Potions
 e - a potion of might
 g - 4 potions of curing
 h - a potion of berserk rage {unknown}
 m - a potion of haste
 o - a potion of heal wounds {unknown}
 v - a potion of mutation {unknown}
 z - 2 potions of flight {unknown}
 A - a potion of paralysis {unknown}


   Skills:
 * Level 5.1 Fighting
 * Level 3.7 Maces & Flails
 * Level 5.2 Armour
 * Level 5.1 Shields
 + Level 1.0 Invocations


You had 5 spell levels left.
You didn't know any spells.

Dungeon Overview and Level Annotations

Branches:
Dungeon (3/15)

Altars:
Makhleb


Innate Abilities, Weirdness & Mutations

You reflexively headbutt those who attack you in melee.
You have a pair of horns on your head.


Message History

* * * LOW HITPOINT WARNING * * *
You are poisoned.
The killer bee poisons you!
You sock the killer bee!
The killer bee is heavily wounded.
You feel sick. The killer bee completely misses you. You furiously retaliate!
You headbutt the killer bee!
You kill the killer bee!
Makhleb accepts your kill.
Your Invocations skill increases to level 1!
You have reached level 6!
Your experience leads to an increase in your attributes!
Increase (S)trength, (I)ntelligence, or (D)exterity?
You feel stronger. The killer bee stings you.
* * * LOW HITPOINT WARNING * * *
You miss the killer bee. You headbutt the killer bee!
The killer bee is almost dead.
You feel sick. The killer bee stings you!
You die...

### #.. #.# ## #.# .> #.###
#.#####.############# #.#..
#.#.@yyy.#....#..<...
#.#.########.#.######.##.#.##.#.
#.#.##.......#.#....#.##.#......
#.#.#..........#.##.#.##.#....##
#.#.#..........#..............[.
#.#.#..........#########.#.####.
##.#.##%##+#...................#.
............................>.<..
.....)........#.###.#############


You could see 3 killer bees.

Vanquished Creatures
  3 killer bees (D:3)
  Jessica (D:2)
  4 adders
  2 worms (D:2)
  8 bats
  6 giant cockroaches
  9 goblins
  12 hobgoblins
  17 kobolds
  A quokka (D:2)
  A giant gecko (D:1)
  3 giant newts
  7 rats
74 creatures vanquished.

Notes
Turn   | Place    | Note
--------------------------------------------------------------
     0 | D:1      | Vegas, the Minotaur Fighter, began the quest for the Orb.
     0 | D:1      | Reached XP level 1. HP: 19/19 MP: 1/1
   350 | D:1      | Reached XP level 2. HP: 27/27 MP: 1/1
   443 | D:1      | Reached skill level 4 in Fighting
   607 | D:1      | Reached XP level 3. HP: 29/33 MP: 2/2
  1229 | D:2      | Reached XP level 4. HP: 40/40 MP: 2/2
  1356 | D:2      | Noticed Jessica
  1364 | D:2      | Killed Jessica
  2066 | D:3      | Found a burning altar of Makhleb.
  2076 | D:3      | Became a worshipper of Makhleb the Destroyer
  2158 | D:3      | Reached skill level 5 in Armour
  2158 | D:3      | Reached skill level 5 in Shields
  2158 | D:3      | Reached XP level 5. HP: 32/47 MP: 2/2
  2159 | D:3      | Reached skill level 5 in Fighting
  2165 | D:3      | Reached skill level 1 in Invocations
  2165 | D:3      | Reached XP level 6. HP: 12/56 MP: 3/3
  2166 | D:3      | Slain by a killer bee

Action                   |  1- 3 |  4- 6 || total
-------------------------+-------+-------++-------
Melee: Flail             |    75 |    79 ||   154
  Use: Scroll            |     6 |       ||     6
       Potion            |       |     2 ||     2
